 Dungeon Crawl Stone Soup version 0.30.0-10-gfe55d96785 (webtiles) character file.

Game seed: 401827050924424338

105 flt the Trooper (level 4, -3/43 HPs)
             Began as a Gargoyle Cinder Acolyte on May 16, 2023.
             Was a High Priest of Ignis.
             Slain by a lemure (6 damage)
             ... led by Pikel
             ... on level 3 of the Dungeon.
             The game lasted 00:04:59 (2164 turns).

flt the Trooper (Gargoyle Cinder Acolyte)           Turns: 2164, Time: 00:05:00

Health: -3/43      AC:  6    Str: 18    XL:     4   Next: 81%
Magic:  16/16      EV: 11    Int: 16    God:    Ignis [*****.]
Gold:   113        SH:  0    Dex:  5    Spells: 7/7 levels left

rFire   + . .        a - -1 mace (flame)
rCold   . . .        (no shield)
rNeg    + . .        b - +0 robe
rPois   ∞            (no helmet)
rElec   +            (no cloak)
rCorr   .            c - +0 pair of gloves
SInv    .            (no boots)
Will    .....        (no amulet) Stlth
                     f - ring of magical power
HPRegen 0.27/turn    (no ring)
MPRegen 0.15/turn

%: no passive effects
@: berserking, very quick
A: sickness immunity, AC +3, negative energy resistance 1, electricity
resistance, torment resistance 1, petrification resistance
a: Renounce Religion, Fiery Armour, Foxfire Swarm, Rising Flame


You were on level 3 of the Dungeon.
You worshipped Ignis.
Ignis was extremely pleased with you.
You visited 1 branch of the dungeon, and saw 4 of its levels.

You collected 113 gold pieces.

Inventory:

Hand Weapons
 a - a -1 mace of flaming (weapon)
Missiles
 m - 4 poisoned darts (quivered)
Armour
 b - a +0 robe (worn)
 c - a +0 pair of gloves (worn)
Jewellery
 f - a ring of magical power (left hand)
Scrolls
 d - a scroll of enchant weapon {unknown}
 e - 2 scrolls of teleportation
 l - a scroll of blinking {unknown}
 n - a scroll of immolation {unknown}
Potions
 h - a potion of brilliance
 j - a potion of invisibility
 k - a potion of haste


   Skills:
 + Level 4.1 Fighting
 + Level 3.7 Maces & Flails
 + Level 2.1 Spellcasting
 + Level 3.7 Fire Magic


You had 7 spell levels left.
You didn't know any spells.
Your spell library contained the following spells:

 Spells                   Type           Power      Damage    Failure   Level
 Scorch                   Fire           26%        2d6       7%          2


Dungeon Overview and Level Annotations

Branches:
Dungeon (4/15)
 Temple: D:4-7

Altars:
Qazlal

Annotations:
D:3 Grinder, Terence


Innate Abilities, Weirdness & Mutations

You are immune to sickness and miasma.
Your stone body is resilient. (AC +3)
You are immune to poison.
You resist negative energy. (rN+)
You are resistant to electric shocks. (rElec)
You are resistant to unholy torment.
You are immune to petrification.


Message History

Found 10 gold pieces.
There is a stone staircase leading up here.
The lemure barely misses you.
You climb upwards.
Level annotation: Grinder, Terence
There is a stone staircase leading down here.
You barely miss the lemure. The lemure hits you but does no damage.
You barely miss the lemure. The lemure misses you. The lemure hits you.
You barely miss the lemure. The lemure hits you but does no damage.
You hit the lemure but do no damage. The lemure hits you but does no damage.
You closely miss the lemure. The lemure hits you.
You hit the lemure. You burn the lemure.
The lemure is lightly wounded.
The lemure hits you. The lemure hits you but does no damage.
You hit the lemure. You burn the lemure.
The lemure is moderately wounded.
The lemure hits you.
You closely miss the lemure.
The lemure is moderately wounded.
The lemure hits you.
You hit the lemure. You burn the lemure.
The lemure is heavily wounded.
The lemure barely misses you.
You closely miss the lemure.
The lemure is heavily wounded.
The lemure hits you but does no damage.
You barely miss the lemure.
The lemure is heavily wounded.
The lemure hits you!
* * * LOW HITPOINT WARNING * * *
The lemure hits you but does no damage.
You closely miss the lemure.
The lemure is heavily wounded.
The lemure hits you but does no damage.
Okay, then.
The lemure attacks as you move away! The lemure hits you.
* * * LOW HITPOINT WARNING * * *
A red film seems to cover your vision as you go berserk!
You feel yourself moving faster!
You feel mighty! The lemure hits you.
You die...

..## #.....## .##
#.#...# ... ###....##
####..#.########....#.#
...........÷.#....#...#
#..####.######..#.....#
..........###...##....#
.#####................#
####..5@..####...#
###....####...#
#.#....##...#
#...##.##...#
#..####.<.#### #...#
###.# #...# #|# ....##
#.# .##. #.#########


You could see a lemure.

Vanquished Creatures
  A sleepcap (D:4)
  2 adders
  2 worms
  2 orcs
  7 endoplasms
  A giant cockroach (D:3)
  6 goblins
  5 hobgoblins
  2 quokkas
  7 ball pythons
  5 bats
  2 frilled lizards
  2 kobolds (D:1)
  6 rats
50 creatures vanquished.

Notes
Turn   | Place    | Note
-------+----------+-------------------------------------------
     0 | D:1      | flt the Gargoyle Cinder Acolyte began the quest for the
                  | Orb.
     0 | D:1      | Reached XP level 1. HP: 14/14 MP: 2/2
    85 | D:1      | You fall into a shaft and drop 1 floor!
   121 | D:1      | Reached XP level 2. HP: 16/19 MP: 3/3
   257 | D:1      | Found a faded altar of an unknown god.
   938 | D:2      | Reached XP level 3. HP: 23/23 MP: 5/5
  1749 | D:3      | Reached XP level 4. HP: 29/29 MP: 6/6
  1806 | D:3      | Noticed Grinder
  1859 | D:3      | Paralysed by Grinder for 5 turns
  1873 | D:3      | Noticed Terence
  1963 | D:4      | Found a stormy altar of Qazlal.
  1981 | D:4      | Reached skill level 4 in Fighting
  2134 | D:4      | Noticed a lemure
  2135 | D:4      | Noticed a lemure
  2164 | D:3      | Slain by a lemure

Illustrated notes

Levels and vault maps discovered:
D:1:      moated_graveyard_arrival, layout_rooms, shapermc_ecumenical_altar_gd
D:2:      layout_basic
D:3:      layout_rooms, uniq_terence, uniq_grinder
D:4:      nicolae_cairo_tiling_large_dashed, layout_rooms,
          nicolae_qazlal_general_emergency, pf_just_have_faith, minmay_bisected,
          uniq_pikel

Skill      XL: |  1  2  3  4 |
---------------+-------------+-----
Fighting       | 4 |  4.1
Spellcasting   | 2 |  2.1
Maces & Flails | |  3.7
Fire Magic     | |  3.7

Action                     |  1- 3 |  4- 6 || total
---------------------------+-------+-------++-------
  Melee: Mace              |   109 |    52 ||   161
         Punch             |     1 |       ||     1
    Use: Scroll            |    10 |     1 ||    11
         Potion            |       |     2 ||     2
 Armour: Robe              |    53 |    22 ||    75
  Dodge: Dodged            |    67 |    30 ||    97
